 Dungeon Crawl Stone Soup version 0.20.1-1-g8b1a95d (webtiles) character file.

287 vishdafish the Skirmisher (level 6, -1/72 HPs)
             Began as a Demonspawn Fighter on July 3, 2017.
             Succumbed to an orc wizard's poison
             ... on level 3 of the Dungeon.
             The game lasted 00:04:55 (2502 turns).

vishdafish the Skirmisher (Demonspawn Fighter)      Turns: 2502, Time: 00:04:55

Health: -1/72      AC:  7    Str: 24    XL:     6   Next: 8%
Magic:  6/6        EV:  7    Int:  9    God:
Gold:   117        SH: 10    Dex: 12    Spells: 5/5 levels left

rFire    . . .     SeeInvis .   a - +0 trident
rCold    . . .     Gourm    .   c - +0 shield
rNeg     . . .     Faith    .   b - +0 scale mail
rPois    .         Spirit   .   (no helmet)
rElec    .         Reflect  .   (no cloak)
rCorr    .         Harm     .   (no gloves)
MR       .....                  (no boots)
Stlth    ..........             (no amulet)
Regen    0.3/turn               (no ring)
MPRegen  0.1/turn               (no ring)

@: berserking (expiring), lethally poisoned (-1 -> -23), very quick
A: talons 2, spiny 1
a: no special abilities


You were on level 3 of the Dungeon.
You were not hungry.

You visited 1 branch of the dungeon, and saw 4 of its levels.

You collected 117 gold pieces.

Inventory:

Hand Weapons
 a - a +0 trident (weapon)
Armour
 b - a +0 scale mail (worn)
 c - a +0 shield (worn)
Jewellery
 e - an uncursed ring of fire
 r - an uncursed ring of stealth {unknown}
Wands
 v - a wand of paralysis (15/24)
Scrolls
 i - 2 scrolls of amnesia {unknown}
 j - a scroll of noise {unknown}
 k - 3 scrolls of identify {unknown}
 l - a scroll of remove curse {unknown}
 m - a scroll of random uselessness {unknown}
 p - a scroll of blinking {unknown}
 u - a scroll of fog {unknown}
Potions
 d - 2 potions of might
 n - a potion of ambrosia {unknown}
 o - 3 potions of heal wounds {unknown}
 q - 2 potions of flight {unknown}
 s - 2 potions of curing {unknown}
 t - 2 potions of degeneration {unknown}
Comestibles
 f - 3 bread rations
 g - 2 meat rations


   Skills:
 + Level 4.0 Fighting
 - Level 2.6 Polearms
 + Level 3.7 Armour
 - Level 0.1 Dodging
 - Level 0.2 Stealth
 + Level 3.8 Shields
 * Level 2.1 Unarmed Combat


You had 5 spell levels left.
You didn't know any spells.

Dungeon Overview and Level Annotations

Branches:
Dungeon (4/15)
 Temple: D:4-7

Altars:
Hepliaklqana
Ru
Trog


Innate Abilities, Weirdness & Mutations

You have razor-sharp toenails.
You are partially covered in sharp spines.


Message History

You are more poisoned.
The orc priest calls down the wrath of Beogh upon you.
Reactivating autopickup.
Your Fighting skill increases to level 4!
You feel a bit more experienced.
You feel a strong urge to attack something.
* * * LOW HITPOINT WARNING * * *
You feel sick. Something hits you but does no damage.
Deactivating autopickup; reactivate with Ctrl-A.
The orc priest barely misses you.
Items here: )))))) ? [[[[ † You are too berserk!
You impale the orc priest!!
You kill the orc priest!
You have reached level 6!
Your experience leads to an increase in your attributes!
Your base attributes are Str 18, Int 9, Dex 12.
Increase (S)trength, (I)ntelligence, or (D)exterity?
You feel stronger.
You die...

#.# #.# #.#
#.# #)# #.#
#.# #)###
#>@†# ###.#
#.# #.# #.#
############.#
......^......#
##############


There were no monsters in sight!

Vanquished Creatures
  A hound (D:4)
  3 orc priests (D:3)
  2 orc wizards (D:3)
  A worker ant (D:3)
  3 adders (D:2)
  A worm (D:2)
  A dart slug (D:1)
  2 leopard geckos
  6 orcs (D:3)
  2 giant cockroaches
  5 goblins
  5 hobgoblins
  4 bats
  3 kobolds
  3 rats
42 creatures vanquished.

Vanquished Creatures (others)
  An orc wizard (D:3)
1 creature vanquished.

Grand Total: 43 creatures vanquished

Notes
Turn   | Place    | Note
-------+----------+-------------------------------------------
     0 | D:1      | vishdafish the Demonspawn Fighter began the quest for the Orb.
     0 | D:1      | Reached XP level 1. HP: 18/18 MP: 1/1
   316 | D:1      | Gained mutation: You have sharp toenails. [demonic ancestry]
   316 | D:1      | Reached XP level 2. HP: 23/24 MP: 2/2
   703 | D:2      | Found a bloodstained altar of Trog.
   830 | D:2      | Reached XP level 3. HP: 28/29 MP: 3/3
  1064 | D:2      | Found a sacrificial altar of Ru.
  1431 | D:4      | Gained mutation: You are partially covered in sharp spines. [demonic ancestry]
  1431 | D:4      | Reached XP level 4. HP: 25/35 MP: 4/4
  1480 | D:4      | Found a hazy altar of Hepliaklqana.
  1981 | D:3      | Reached skill level 1 in Unarmed Combat
  1981 | D:3      | Gained mutation: You have razor-sharp toenails. [demonic ancestry]
  1981 | D:3      | Reached XP level 5. HP: 12/42 MP: 5/5
  2500 | D:3      | HP: 3/63 [something (2)]
  2500 | D:3      | Reached skill level 4 in Fighting
  2501 | D:3      | HP: 1/63 [poisoned by an orc wizard]
  2502 | D:3      | Reached XP level 6. HP: 1/48 MP: 6/6
  2502 | D:3      | Succumbed to an orc wizard's poison

Skill      XL: |  1  2  3  4  5 |
---------------+----------------+-----
Shields        | 3 |  3.8
Polearms       | 2 |  2.6
Armour         | 3 |  3.7
Unarmed Combat | 1 2 |  2.1
Fighting       | 4 |  4.0
Dodging        | |  0.1
Stealth        | |  0.2

Action                   |  1- 3 |  4- 6 || total
-------------------------+-------+-------++-------
Melee: Trident           |   108 |    38 ||   146
       Kick              |     9 |    12 ||    21
  Use: Potion            |       |     2 ||     2
  Eat: Chunk             |     1 |       ||     1
       Meat ration       |       |     1 ||     1
Armor: Scale mail        |    44 |    10 ||    54
Dodge: Dodged            |    29 |    11 ||    40
Block: Shield            |    42 |    31 ||    73
